 Dungeon Crawl Stone Soup version 0.29-a0-512-gf59ac788ac (webtiles) character file.

Game seed: 9197231318315118500

73431 pokeman the Sorcerer (level 15, 0/86 HPs)
             Began as a Deep Elf Hedge Wizard on May 29, 2022.
             Was a High Priest of Vehumet.
             Slain by a brown ugly thing (9 damage)
             ... on level 13 of the Dungeon.
             The game lasted 01:19:05 (25751 turns).

pokeman the Sorcerer (Deep Elf Hedge Wizard)       Turns: 25751, Time: 01:19:06

Health: 0/86       AC: 17    Str:  7    XL:     15   Next: 4%
Magic:  42/42      EV: 12    Int: 30    God:    Vehumet [*****.]
Gold:   3496       SH:  0    Dex: 20    Spells: 37/57 levels left

rFire   + . .      SeeInvis .   r - +8 flail "Utroppiq" {flame, Will+ Int+3}
rCold   . . .      Faith    .   (no shield)
rNeg    . . .      Spirit   .   U - +0 acid dragon scales
rPois   +          Reflect  .   u - +3 hat "Cajiunna" {Contam rElec rF+ Regen+}
rElec   +          Harm     .   X - +0 cloak
rCorr   +          Rampage  .   t - +2 pair of gloves
Will    ++...                   n - +1 pair of boots {Fly}
Stlth   ++........              j - amulet of magic regeneration
HPRegen 1.04/turn               x - ring of poison resistance
MPRegen 0.68/turn               y - +6 ring of dexterity

@: about to teleport, flying, studying Throwing
A: no potion heal 1
a: Renounce Religion


You were on level 13 of the Dungeon.
You worshipped Vehumet.
Vehumet was extremely pleased with you.
You visited 3 branches of the dungeon, and saw 20 of its levels.
You also visited: Gauntlet.

You collected 3496 gold pieces.

Inventory:

Hand Weapons
 a - a +1 shortbow of freezing
 r - the +8 flail "Utroppiq" (weapon) {flame, Will+ Int+3}
   (You found it in a Gauntlet)

   It burns those it strikes, dealing additional fire damage.
   Int:       It affects your intelligence (+3).
   Will:      It increases your willpower.
Armour
 n - a +1 pair of boots of flying (worn)
 t - a +2 pair of gloves (worn)
 u - the +3 hat "Cajiunna" (worn) {Contam rElec rF+ Regen+}
   (You found it in a Gauntlet)

   rF:        It protects you from fire.
   rElec:     It insulates you from electricity.
   Contam:    It causes magical contamination when unequipped.
   Regen:     It increases your rate of health regeneration.
 R - a +2 leather armour of cold resistance
 U - +0 acid dragon scales (worn)
 X - a +0 cloak (worn)
Jewellery
 j - an amulet of magic regeneration (around neck)
 m - a ring of wizardry
 x - a ring of poison resistance (left hand)
 y - a +6 ring of dexterity (right hand)
 P - a ring of ice
Wands
 b - a wand of charming (3)
 e - a wand of polymorph (6)
 h - a wand of paralysis (3)
 p - a wand of iceblast (12)
 G - a wand of digging (1)
 K - a wand of acid (11)
Scrolls
 f - 12 scrolls of teleportation
 g - a scroll of enchant weapon
 i - 6 scrolls of blinking
 k - a scroll of fear
 A - a scroll of magic mapping
 E - a scroll of silence {unknown}
 F - a scroll of torment {unknown}
 L - 2 scrolls of fog {unknown}
 V - 2 scrolls of summoning {unknown}
Potions
 c - 6 potions of curing
 d - 3 potions of magic
 l - 3 potions of ambrosia
 s - 5 potions of attraction {unknown}
 z - 7 potions of heal wounds {unknown}
 B - 2 potions of degeneration {unknown}
 C - 2 potions of berserk rage {unknown}
 D - 2 potions of haste {unknown}
 Q - a potion of brilliance {unknown}
Miscellaneous
 v - a box of beasts
 O - a tin of tremorstones (2/2)
 T - a lightning rod (4/4)


   Skills:
 - Level 7.0 Fighting
 + Level 7.2 Armour
 - Level 3.1 Dodging
 - Level 3.1 Stealth
 * Level 21.8 Spellcasting
 + Level 13.4 Conjurations
 - Level 1.1 Summonings
 - Level 1.0 Necromancy
 - Level 1.1 Translocations
 + Level 13.0 Fire Magic
 - Level 1.0 Air Magic
 - Level 1.1 Earth Magic
 - Level 1.0 Poison Magic
 - Level 1.0 Evocations


You had 37 spell levels left.
You knew the following spells:

 Your Spells              Type           Power      Damage    Failure   Level
a - Magic Dart            Conj           100%       1d8       0%          1
b - Mephitic Cloud        Conj/Pois/Air  59%        N/A       1%          3
c - Call Imp              Summ           39%        N/A       1%          2
d - Blink                 Tloc           78%        N/A       1%          2
e - Conjure Flame         Conj/Fire      84%        6-21      0%          3
f - Stone Arrow           Conj/Erth      100%       3d13      1%          3
g - Iron Shot             Conj/Erth      33%        9d7       4%          6

Your spell library contained the following spells:

 Spells                   Type           Power      Damage    Failure   Level
 Freeze                   Ice            100%       1d11      1%          1
 Sandblast                Erth           78%        2d17      1%          1
 Slow                     Hex            100%       N/A       1%          1
 Passwall                 Tmut/Erth      30%        N/A       1%          2
 Dazzling Flash           Conj/Hex       100%       N/A       1%          3
 Lesser Beckoning         Tloc           39%        N/A       3%          3
 Portal Projectile        Hex/Tloc       72%        N/A       4%          3
 Conjure Ball Lightning   Conj/Air       33%        3x3d11    4%          6
 Ozocubu's Armour         Ice            32%        N/A       5%          3
 Tukima's Dance           Hex            32%        N/A       5%          3
 Agony                    Necr           39%        N/A       30%         5
 Borgnjor's Vile Clutch   Necr/Erth      19%        N/A       30%         5
 Manifold Assault         Tloc           39%        N/A       30%         5
 Silence                  Hex/Air        18%        N/A       36%         5
 Blade Hands              Tmut           16%        N/A       43%         5
 Discord                  Hex            16%        N/A       100%        8
 Disjunction              Tloc           19%        N/A       100%        8


Dungeon Overview and Level Annotations

Branches:
Dungeon (13/15)            Temple (1/1) D:6            Lair (6/6) D:10
 Shoals (0/4) Lair:2        Snake (0/4) Lair:2        Slime (0/5) Lair:5
    Orc (0/2) D:9         Gauntlet (visited)
 Vaults: D:13-14

Altars:
Ashenzari
Cheibriados
Dithmenos
Elyvilon
Fedhas
Gozag
Hepliaklqana
Kikubaaqudgha
Makhleb
Nemelex Xobeh
Okawaru
Qazlal
Ru
Sif Muna
Trog
Uskayaw
Vehumet
Wu Jian
Xom
Yredelemnul
Zin
The Shining One

Shops:
D:2 [   D:13 *(

Annotations:
D:13 Sonja


Innate Abilities, Weirdness & Mutations

Potions are less effective at restoring your health.


Message History

The centaur is engulfed in noxious fumes.
The centaur warrior is engulfed in noxious fumes.
The centaur warrior appears confused.
The brown ugly thing is engulfed in noxious fumes.
The centaur is engulfed in noxious fumes. x2
The centaur appears confused.
The orc hits the centaur but does no damage.
Found a wand of polymorph (4).
The brown ugly thing is engulfed in noxious fumes.
The brown ugly thing appears confused.
The centaur is engulfed in noxious fumes.
The centaur appears confused.
A deep elf pyromancer comes into view. It is wielding a +0 rapier.
The orc is engulfed in noxious fumes.
The orc appears confused.
The orc hits the centaur with a +0 falchion.
The orc hits the centaur warrior with a +0 trident.
The orc is engulfed in noxious fumes.
Unknown command.
The centaur is engulfed in noxious fumes.
The centaur appears confused.
The orc is engulfed in noxious fumes.
The orc appears confused.
The brown ugly thing trunk-slaps you!
* * * LOW HITPOINT WARNING * * *
You are splashed with acid.
You resist.
* * * LOW HITPOINT WARNING * * *
The orc hits the centaur warrior with a +0 trident!
A vault guard comes into view. It is wielding a +0 war axe.
The vault guard shouts!
Casting: Mephitic Cloud (safe; 1% risk of failure)
Confirm with . or Enter, or press ? or * to list all spells.
Aiming: Mephitic Cloud (safe; 1% risk of failure)
Press: ? - help, Shift-Dir - straight line, p - centaur warrior
Okay, then.
Unknown command.
Unknown command.
As you read the scroll of teleportation, it crumbles to dust.
You feel strangely unstable.
The centaur hits the centaur.
The centaur barely misses the centaur.
The centaur hits the brown ugly thing but does no damage.
The centaur kicks the brown ugly thing.
The brown ugly thing trunk-slaps you!
You die...

*,,,,........# #......#
*,,,,....[.†.###......#
*,,,,....##.o.°.......#
*,,,,....*#...).o.....###
*,,,,...,##.............#*
**,,,..,......c...#####..*
,,,,,,,........cc.# **.**
**,,,,.......e..u.# *,,*
,,,,,,..........@.# **,**
,,,,,,............#******,,*
,,*,****,...........,,,,,,,*
,,*,,,,*,...##.......#*,,,,*
,>****,**.p#*##./...##**,,,*
*** *,**.** ##...## **,,*
*,**,** *##+##* **,,*
*,**,,****,,,,,****,,,*
*,**,,,**,*,,,*,**,,,**


You could see a vault guard, a brown ugly thing (confused), a centaur warrior
(confused), a deep elf pyromancer, 2 centaurs and 2 orcs.

Vanquished Creatures
  A dire elephant (Lair:2)
  A minotaur (Gauntlet)
  A boulder beetle (Lair:4)
  5 catoblepae
  6 hydras
  6 two-headed ogres
  A centaur warrior (D:13)
  The ghost of benadryl the Grappler, a novice TrTm of Qazlal (D:6)
  10 death yaks
  Amaemon (D:9)
  A sixfirhy (Gauntlet)
  A lindwurm (Lair:2)
  An obsidian statue (Gauntlet)
  Pikel (D:6)
  2 wizards (Gauntlet)
  A deep elf pyromancer (D:12)
  The ghost of enile the Stinger, a novice OpVM of Ashenzari (D:6)
  An ugly thing (D:12)
  4 cyclopes
  6 manticores
  10 elephants
  5 black mambas
  A torpor snail (Lair:2)
  2 kobold demonologists
  13 cane toads
  An orange demon (D:9)
  9 komodo dragons
  10 rime drakes
  A queen bee (Lair:4)
  4 trolls
  2 polar bears (Lair:5)
  3 meliai (Lair:4)
  Grinder (D:3)
  A tyrant leech (Gauntlet)
  The ghost of bristle the Magician, a novice FeAE of the Shining One (D:6)
  A hornet (D:7)
  9 dream sheep (Lair:4)
  20 blink frogs
  3 shadows
  9 wyverns
  42 yaks
  4 fire bats (Lair:5)
  3 wraiths
  5 steam dragons
  2 chaos spawn (Gauntlet)
  9 basilisks
  A neqoxec (Gauntlet)
  3 nagas (Lair:2)
  8 vampire mosquitoes
  4 swamp worms (Gauntlet)
  2 acid dragons
  19 water moccasins
  A swamp drake (D:10)
  A sky beast (D:8)
  An ice beast (D:8)
  An orc warrior (D:10)
  4 black bears
  3 ogres (D:6)
  16 wolves
  9 centaurs
  2 phantoms
  4 kobold brigands
  A necrophage (D:5)
  Blork the orc (D:6)
  19 bullfrogs
  A gnoll sergeant (D:7)
  2 scorpions (D:5)
  16 wights
  37 killer bees
  2 electric eels
  A howler monkey (D:4)
  A hound (D:6)
  5 orc priests
  3 jellies
  4 iguanas (D:4)
  10 orc wizards
  8 hell rats
  Robin (D:2)
  11 gnolls (D:7)
  An adder (D:6)
  A river rat (Lair:4)
  5 shadow imps
  6 white imps
  5 ufetubi
  3 worms
  2 dart slugs
  35 orcs
  An endoplasm (D:4)
  5 giant cockroaches
  10 goblins
  10 hobgoblins
  3 jackals (D:4)
  10 kobolds
  3 quokkas
  7 ball pythons
  2 bats (D:2)
  2 frilled lizards (D:1)
  6 rats
542 creatures vanquished.

Vanquished Creatures (collateral kills)
  An orc warrior (D:7)
  An orc (D:7)
2 creatures vanquished.

Vanquished Creatures (others)
  A lemure (D:6)
  A kobold (D:8)
  2 bushes
  A butterfly (D:7)
  36 fungi
  86 plants
  7 toadstools (Lair:2)
134 creatures vanquished.

Grand Total: 678 creatures vanquished

Notes
Turn   | Place    | Note
-------+----------+-------------------------------------------
     0 | D:1      | pokeman the Deep Elf Hedge Wizard began the quest for the
                  | Orb.
     0 | D:1      | Reached XP level 1. HP: 10/10 MP: 7/7
   376 | D:1      | Reached XP level 2. HP: 15/15 MP: 1/9
  1172 | D:1      | Reached skill level 5 in Spellcasting
  1518 | D:2      | Found a faded altar of an unknown god.
  1524 | D:2      | Reached XP level 3. HP: 20/20 MP: 5/11
  1553 | D:1      | Learned a level 3 spell: Mephitic Cloud
  1556 | D:1      | Learned a level 2 spell: Call Imp
  1559 | D:1      | Learned a level 2 spell: Blink
  1563 | D:1      | Learned a level 3 spell: Conjure Flame
  1764 | D:2      | Found Puphag's Armour Shoppe.
  1972 | D:2      | You fall into a shaft and drop 1 floor!
  2083 | D:2      | Reached skill level 1 in Fighting
  2083 | D:2      | Reached skill level 1 in Armour
  2383 | D:2      | Noticed Robin
  2399 | D:2      | Killed Robin
  2507 | D:2      | Reached XP level 4. HP: 25/25 MP: 10/13
  2675 | D:3      | Found a glowing silver altar of Zin.
  2817 | D:3      | Noticed a black bear
  2838 | D:3      | Killed a black bear
  2839 | D:3      | Reached skill level 6 in Spellcasting
  2839 | D:3      | Reached skill level 1 in Fire Magic
  2839 | D:3      | Reached XP level 5. HP: 28/29 MP: 11/15
  2950 | D:3      | Noticed Grinder
  2967 | D:3      | Paralysed by Grinder for 3 turns
  3096 | D:3      | Learned a level 3 spell: Stone Arrow
  3224 | D:3      | Found a shimmering blue altar of Sif Muna.
  3989 | D:4      | Reached skill level 1 in Air Magic
  3989 | D:4      | Reached XP level 6. HP: 34/34 MP: 9/17
  4096 | D:4      | Reached skill level 7 in Spellcasting
  4096 | D:4      | Reached skill level 1 in Necromancy
  4229 | D:4      | Reached skill level 1 in Evocations
  4531 | D:5      | Entered Level 5 of the Dungeon
  4545 | D:5      | Reached skill level 1 in Earth Magic
  4641 | D:4      | Reached skill level 1 in Poison Magic
  4741 | D:5      | Reached XP level 7. HP: 38/38 MP: 10/20
  4924 | D:5      | Reached skill level 8 in Spellcasting
  5457 | D:3      | Killed Grinder
  5680 | D:6      | Reached XP level 8. HP: 42/44 MP: 17/22
  5755 | D:6      | Noticed a troll
  5764 | D:6      | Reached skill level 9 in Spellcasting
  5765 | D:6      | Killed a troll
  5771 | D:6      | Reached skill level 5 in Conjurations
  6069 | D:6      | Noticed Blork the orc
  6075 | D:6      | Killed Blork the orc
  6138 | D:6      | Noticed Pikel
  6164 | D:6      | Found a stormy altar of Qazlal.
  6186 | D:6      | Killed Pikel
  6187 | D:6      | Reached skill level 10 in Spellcasting
  6187 | D:6      | Reached XP level 9. HP: 51/51 MP: 8/25
  6591 | D:6      | Found a runed translucent gate.
  6592 | D:6      | Found a runed translucent gate.
  6592 | D:6      | Found a runed translucent gate.
  6593 | D:6      | Noticed bristle's ghost (novice FeAE)
  6593 | D:6      | Noticed enile's ghost (novice OpVM)
  6594 | D:6      | Noticed benadryl's ghost (novice TrTm)
  6726 | D:6      | Reached skill level 11 in Spellcasting
  6890 | D:6      | Found a staircase to the Ecumenical Temple.
  6899 | Temple   | Entered the Ecumenical Temple
  7102 | Temple   | Became a worshipper of Vehumet
  7318 | D:7      | Reached skill level 5 in Fire Magic
  7833 | D:7      | Reached skill level 12 in Spellcasting
  7851 | D:7      | Reached * piety under Vehumet
  7851 | D:7      | Offered knowledge of Freeze by Vehumet.
  7998 | D:7      | Found a white marble altar of Elyvilon.
  8469 | D:7      | Reached XP level 10. HP: 19/55 MP: 5/28
  8702 | D:8      | Noticed a two-headed ogre
  8864 | D:8      | Killed a two-headed ogre
  8865 | D:8      | Reached skill level 13 in Spellcasting
  9034 | D:8      | Identified the +1 plate armour "Aheugeiz" {rN+}
  9048 | D:7      | Offered knowledge of Poisonous Vapours by Vehumet.
  9166 | D:8      | Reached ** piety under Vehumet
 10227 | D:9      | Reached skill level 14 in Spellcasting
 10272 | D:9      | Noticed a two-headed ogre
 10277 | D:9      | Killed a two-headed ogre
 10333 | D:9      | Found a staircase to the Orcish Mines.
 10741 | D:9      | Noticed an eight-headed hydra
 10743 | D:9      | Noticed an orange demon
 10747 | D:9      | Noticed Amaemon
 10749 | D:9      | Killed an eight-headed hydra
 10750 | D:9      | Reached XP level 11. HP: 60/60 MP: 20/31
 10759 | D:9      | Killed Amaemon
 10966 | D:9      | Offered knowledge of Static Discharge by Vehumet.
 11027 | D:9      | Noticed a two-headed ogre
 11044 | D:9      | Killed a two-headed ogre
 11045 | D:9      | Reached skill level 15 in Spellcasting
 11150 | D:9      | Found a bloodstained altar of Trog.
 11260 | D:10     | Entered Level 10 of the Dungeon
 11399 | D:10     | Reached *** piety under Vehumet
 11745 | D:10     | Found a staircase to the Lair.
 12032 | D:10     | Found an iron altar of Okawaru.
 12175 | D:10     | Offered knowledge of Airstrike by Vehumet.
 12590 | D:11     | Reached skill level 5 in Fighting
 12819 | D:11     | Reached skill level 16 in Spellcasting
 13194 | D:12     | Noticed a two-headed ogre
 13196 | D:12     | Killed a two-headed ogre
 13229 | D:12     | Noticed a two-headed ogre
 13237 | D:12     | Killed a two-headed ogre
 13379 | D:12     | Reached XP level 12. HP: 47/68 MP: 13/34
 13885 | D:12     | Reached skill level 10 in Conjurations
 13953 | D:12     | Reached skill level 5 in Armour
 13953 | D:12     | Reached **** piety under Vehumet
 14072 | D:12     | Noticed a two-headed ogre
 14079 | D:12     | Killed a two-headed ogre
 14199 | D:12     | Reached skill level 17 in Spellcasting
 15097 | D:6      | Killed benadryl's ghost
 15193 | D:6      | Killed bristle's ghost
 15328 | D:6      | Killed enile's ghost
 15496 | Lair:1   | Entered Level 1 of the Lair of Beasts
 15749 | Lair:1   | Reached skill level 10 in Fire Magic
 15917 | Lair:1   | Noticed a six-headed hydra
 15925 | Lair:1   | Killed a six-headed hydra
 15925 | Lair:1   | Offered knowledge of Yara's Violent Unravelling by Vehumet.
 16413 | Lair:2   | Found a gate leading to a gauntlet.
 16422 | Gauntlet | Entered a Gauntlet
 16422 | Gauntlet | Found a transporter.
 16423 | Gauntlet | Found a runed translucent gate.
 16425 | Gauntlet | Found a runed translucent gate.
 16425 | Gauntlet | Found a transporter.
 16426 | Gauntlet | Found a runed translucent gate.
 16429 | Gauntlet | Found a transporter.
 16434 | Gauntlet | Found a transporter.
 16441 | Gauntlet | Found a transporter.
 16445 | Gauntlet | Found a transporter.
 16450 | Gauntlet | Found a transporter.
 16456 | Gauntlet | Found a transporter.
 16460 | Gauntlet | Found a transporter.
 16468 | Gauntlet | Found a transporter.
 16472 | Gauntlet | Found a transporter.
 16479 | Gauntlet | Found a transporter.
 16486 | Gauntlet | Found a transporter.
 16491 | Gauntlet | Found a runed translucent door.
 16515 | Gauntlet | Found a transporter.
 16601 | Gauntlet | Gained mutation: Potions are less effective at restoring
                  | your health. [a neqoxec]
 16755 | Gauntlet | Reached skill level 18 in Spellcasting
 17109 | Gauntlet | Identified the amulet "Yzadwiocs" {Spirit Str+2}
 17206 | Gauntlet | Identified the +7 battleaxe "Vatoatad" {freeze, Int+3}
 17206 | Gauntlet | Noticed a minotaur
 17228 | Gauntlet | Killed a minotaur
 17528 | Gauntlet | Identified the +8 flail "Utroppiq" {flame, Will+ Int+3}
 17528 | Gauntlet | Identified the +3 hat "Cajiunna" {Contam rElec rF+ Regen+}
 17548 | Gauntlet | Got the Disquisition on Glacial Stones
 17577 | Lair:2   | Reached XP level 13. HP: 68/72 MP: 33/37
 17826 | Lair:2   | Found a blossoming altar of Fedhas.
 17873 | Lair:2   | Reached ***** piety under Vehumet
 17997 | Lair:2   | Offered knowledge of Iskenderun's Battlesphere by Vehumet.
 18081 | Lair:2   | Found a staircase to the Snake Pit.
 18192 | Lair:2   | Found a staircase to the Shoals.
 18404 | Lair:2   | Noticed a dire elephant
 18414 | Lair:2   | Found a runed translucent door.
 18868 | Lair:2   | Killed a dire elephant
 19074 | Lair:2   | Reached skill level 19 in Spellcasting
 20219 | Lair:4   | Offered knowledge of Hailstorm by Vehumet.
 20327 | Lair:4   | Reached skill level 20 in Spellcasting
 20495 | Lair:4   | Reached XP level 14. HP: 39/80 MP: 31/40
 22296 | Temple   | Identified 2 scrolls of acquirement
 22299 | Temple   | Acquired 983 gold pieces
 22301 | Temple   | Acquired 1041 gold pieces
 22698 | Lair:5   | Found a staircase to the Slime Pits.
 22950 | Lair:5   | Found an opulent altar of Gozag.
 22958 | Lair:5   | Reached skill level 21 in Spellcasting
 23476 | Lair:6   | Entered Level 6 of the Lair of Beasts
 23574 | Lair:5   | Offered knowledge of Iron Shot by Vehumet.
 23586 | Lair:5   | Learned a level 6 spell: Iron Shot
 25171 | Lair:6   | Reached XP level 15. HP: 86/86 MP: 34/42
 25607 | D:13     | Noticed Sonja
 25607 | D:13     | Found Giem's General Store.
 25662 | D:13     | Found Wadal's Antique Weapon Boutique.
 25751 | D:13     | Slain by a brown ugly thing

Illustrated notes

Levels and vault maps discovered:
D:1:      amcnicky_arrival_flooded_fountain, layout_basic,
          minmay_indecisive_spiral
D:2:      layout_basic, ebering_ecumenical_altar_rust, serial_shops,
          nicolae_square_shop, uniq_robin
D:3:      layout_basic, lemuel_doored_altar, overflow_temple_1_default,
          grunt_decor_mini_mirrors, uniq_grinder
D:4:      layout_cave_pools, chequers_serial_rivers_room_a, nrook_mini_backslash
D:5:      layout_rooms
D:6:      layout_basic, grunt_qazlal_clouds, lemuel_temple_firewalk_b,
          gammafunk_ghost_cemetery, skrybe_limestone_x, minmay_manual_mess,
          uniq_pikel, uniq_blork_the_orc
D:7:      layout_rooms, nicolae_elyvilon_peaceful_grove
D:8:      layout_cave_pods, serial_park, serial_park_avenue1,
          serial_park_square3 [serial_park_minivault_5x5_1], serial_park_square3
          [serial_park_minivault_5x5_1], serial_park_paths
          [serial_park_minivault_5x5_3]
D:9:      layout_roguey, mainiacjoe_overflow_alcove_1, david_orc_2, uniq_amaemon
D:10:     layout_rooms, old_standard_altar, erik_lair_dragon
D:11:     layout_basic
D:12:     layout_basic
D:13:     layout_basic, lightli_vaults_fourway_checkpoint, serial_shops,
          bzr_entry_road, shop, nicolae_stop_n_shop_1, shop, uniq_sonja
Temple:   regret_index_temple_sphere_string
Lair:1:   layout_concentric_octagons
Lair:2:   gammafunk_lair_enchanted_lake, layout_big_grid,
          elwin_shoals_entry_rocks, guppyfry_snake_entry_island,
          gauntlet_entry_generic, nicolae_volcano_entry_two_sided, basic_altar
Lair:3:   layout_chaotic_city, nicolae_lair_grazing_beasts
          [nicolae_sub_lair_graze_edge, nicolae_sub_lair_graze_edge,
          nicolae_sub_lair_graze_edge, nicolae_sub_lair_graze_edge]
Lair:4:   regret_index_tunnel_blossom, layout_layer_cave, ldierk_geyser,
          minmay_lair_drake_nest, grunt_megastairs_1
Lair:5:   layout_gridlike, slime_dummy, lemuel_centaur_altar
Lair:6:   evilmike_catoblepas_cave, layout_regular_city, grunt_megastairs_2

Skill      XL: |  1  2  3  4  5  6  7  8  9 10 11 12 13 14 |
---------------+-------------------------------------------+-----
Spellcasting   | 5 6 7 8 10 12 14 16 18 20 21 | 21.8
Fighting       | 1 2 3 5 6 7 |  7.0
Armour         | 1 3 4 6 7 |  7.2
Conjurations   | 2 3 4 5 7 8 9 11 12 13 | 13.4
Dodging        | 3 |  3.1
Fire Magic     | 1 3 4 6 7 9 10 11 13 | 13.0
Stealth        | 3 |  3.1
Air Magic      | 1 |  1.0
Necromancy     | 1 |  1.0
Evocations     | 1 |  1.0
Earth Magic    | 1 |  1.1
Poison Magic   | 1 |  1.0
Summonings     | |  1.1
Translocations | |  1.1

Action                   |  1- 3 |  4- 6 |  7- 9 | 10-12 | 13-15 || total
-------------------------+-------+-------+-------+-------+-------++-------
Melee: Dagger            |     2 |       |    55 |    16 |       ||    73
       Staff             |    17 |     5 |    20 |       |       ||    42
       Punch             |       |       |     3 |       |     2 ||     5
       Demon whip        |       |       |       |    96 |       ||    96
       Flail             |       |       |       |       |    91 ||    91
 Cast: Magic Dart        |   112 |   114 |    36 |    37 |    18 ||   317
       Mephitic Cloud    |     2 |     4 |    18 |    34 |    48 ||   106
       Conjure Flame     |     1 |     3 |    16 |    29 |    14 ||    63
       Call Imp          |       |     3 |     3 |     4 |       ||    10
       Stone Arrow       |       |       |    47 |   258 |   533 ||   838
       Blink             |       |       |     2 |     6 |     8 ||    16
Evoke: Wand              |       |       |     1 |       |     1 ||     2
  Use: Scroll            |       |       |       |    16 |     8 ||    24
       Potion            |       |       |       |     1 |     1 ||     2
 Stab: Confused          |     1 |       |     9 |     9 |     8 ||    27
Armor: Robe              |     9 |     5 |       |       |       ||    14
       Leather armour    |       |       |    10 |       |       ||    10
       Troll leather arm |       |       |     9 |       |       ||     9
       Steam dragon scal |       |       |     3 |    23 |       ||    26
       Acid dragon scale |       |       |       |    34 |   130 ||   164
Dodge: Dodged            |    14 |    14 |    70 |   170 |   210 ||   478

Table legend: (Time is in decaauts)
 A = Elapsed time spent in this place.
 B = Non-inter-level travel time spent in this place.
 C = Inter-level travel time spent in this place.
 D = Time resting spent in this place.
 E = Time spent auto-exploring this place.
 F = Levels seen in this place.
 G = Mean time per level.
                   A        B        C        D        E       F      G
               +--------+--------+--------+--------+--------+-----+--------+
         Total |  25862 |  23992 |   1870 |   2343 |  16698 |  21 | 1231.5 |
       Dungeon |  15888 |  14719 |   1169 |   1340 |  10913 |  13 | 1222.2 |
        Temple |    311 |    224 |     87 |      0 |    131 |   1 |  311.0 |
          Lair |   8530 |   7916 |    614 |    581 |   5378 |   6 | 1421.7 |
      Gauntlet |   1132 |   1132 |      0 |    422 |    276 |   1 | 1132.0 |
               +--------+--------+--------+--------+--------+-----+--------+

Top non-repeatable levels by time:
     D:6: 2046 daAuts
  Lair:4: 1958 daAuts
    D:12: 1812 daAuts
  Lair:2: 1652 daAuts
  Lair:5: 1542 daAuts
     D:7: 1524 daAuts
     D:8: 1462 daAuts
    D:10: 1428 daAuts
     D:1: 1424 daAuts
  Lair:6: 1262 daAuts
     D:3: 1249 daAuts
Gauntlet: 1132 daAuts
     D:2: 1105 daAuts
  Lair:1: 1098 daAuts
     D:9: 1093 daAuts
